[Event "Titled Tuesday Blitz August 02 Early 2022"]
[White "Aditya Mittal"]
[Black "Salem, A.R. Saleh"]
[WhiteFideId "35042025"]
[BlackFideId "9301348"]
[WhiteElo "2830"]
[BlackElo "2965"]
[Result "0-1"]
[Round "08"]
[TimeControl "180+1"]
[Date "2022.08.02"]
[WhiteClock "0:00:02"]
[BlackClock "0:00:28"]

1. d4 Nf6 2. c4 g6 3. Nc3 Bg7 4. e4 O-O 5. Be2 d6 6. Be3 Na6 7. h4 c5 8. d5 e6 9. dxe6 Bxe6 10. Nf3 Nb4 11. Ng5 Re8 12. Bf4 Qb6 13. a3 Nc6 14. Na4 Qa5+ 15. Bd2 Qc7 16. Bf4 Nd4 17. O-O b5 18. Nxe6 Rxe6 19. Nc3 Nxe4 20. Nd5 Qb7 21. Be3 Nxe2+ 22. Qxe2 bxc4 23. Qxc4 Nf6 24. Rad1 Nxd5 25. Rxd5 Qxb2 26. a4 Rae8 27. Rfd1 a5 28. Rxd6 Rxd6 29. Rxd6 Qb1+ 30. Qf1 Qb4 31. Qb5 Rb8 32. Qd3 Qb1+ 33. Qd1 Bf8 34. Rd5 Qe4 35. Qf3 Rb1+ 36. Kh2 Qxh4+ 37. Qh3 Qxh3+ 38. Kxh3 Rb4 39. Rd8 Kg7 40. Bd2 Rxa4 41. Bc3+ f6 42. Rd7+ Kg8 43. Bxf6 Rf4 44. Be5 Rxf2 45. Ra7 Rf5 46. Bc3 c4 47. Bxa5 Rd5 48. g3 Rd3 49. Rc7 Ra3 50. Be1 Re3 51. Ba5 Bd6 52. Rxc4 Rxg3+ 53. Kh4 Rg2 54. Bc3 h5 55. Kh3 Rh2# 0-1


[Site "https://www.chess.com"]

[Event "Titled Tuesday Blitz August 02 Early 2022"]
[White "Aggelis, Nikolaos"]
[Black "Seo, Jung Min"]
[WhiteFideId "4213220"]
[BlackFideId "1734687"]
[WhiteElo "2611"]
[BlackElo "2836"]
[Result "1/2-1/2"]
[Round "08"]
[TimeControl "180+1"]
[Date "2022.08.02"]
[WhiteClock "0:02:08"]
[BlackClock "0:02:07"]

1. d4 Nf6 2. g3 d5 3. Nf3 Bf5 4. Bg2 e6 5. Nh4 Be4 6. f3 Bg6 7. Nxg6 hxg6 8. O-O c5 9. c3 Nc6 10. Be3 Qb6 11. Qb3 Qxb3 12. axb3 cxd4 13. cxd4 Bd6 14. Nc3 Ke7 15. Bf2 Rhd8 16. e4 dxe4 17. fxe4 Ng4 18. d5 Nb4 19. e5 Bxe5 20. Bc5+ Bd6 21. Bxd6+ Rxd6 22. dxe6 Rxe6 23. Bxb7 Rd8 24. Rxa7 Rd7 25. Rfa1 Nc6 26. Bxc6 Rxc6 27. Rxd7+ Kxd7 28. Ra7+ Ke6 1/2-1/2


[Site "https://www.chess.com"]

[Event "Titled Tuesday Blitz August 02 Early 2022"]
[White "Alexiadis, Hristos"]
[Black "Le, Tuan Minh"]
[WhiteFideId "4249623"]
[BlackFideId "12401153"]
[WhiteElo "2746"]
[BlackElo "2982"]
[Result "0-1"]
[Round "08"]
[TimeControl "180+1"]
[Date "2022.08.02"]
[WhiteClock "0:00:30"]
[BlackClock "0:00:04"]

1. d4 d5 2. c4 c6 3. Nf3 Nf6 4. g3 Bf5 5. Nc3 e6 6. Nh4 Be4 7. f3 Bg6 8. Qb3 Qc8 9. e4 dxe4 10. Nxg6 hxg6 11. fxe4 e5 12. dxe5 Ng4 13. e6 Qxe6 14. Qxb7 Bc5 15. Qxa8 O-O 16. Qb7 Qf6 17. Bf4 Qd4 18. Be2 Rd8 19. Rf1 Ne3 20. Qxf7+ Kh7 21. Bxe3 Qxe3 22. Rd1 Rxd1+ 23. Kxd1 Na6 24. Qf3 Qd4+ 25. Qd3 Qe5 26. a3 Bd4 27. Rf4 Nc5 28. Qc2 Be3 29. Rh4+ Kg8 30. b4 Qd4+ 31. Ke1 g5 32. bxc5 gxh4 33. Qd3 Qxc5 34. Qd8+ Kf7 35. Qd7+ Kf6 36. Qf5+ Qxf5 37. exf5 Kxf5 38. Bf3 c5 39. gxh4 a6 40. Ke2 Bc1 41. a4 Ke5 42. Kd3 Bf4 43. h3 Bg3 44. h5 0-1


[Site "https://www.chess.com"]

[Event "Titled Tuesday Blitz August 02 Early 2022"]
[White "Boros, Denes"]
[Black "Manukyan, Sargis A."]
[WhiteFideId "722340"]
[BlackFideId "13303970"]
[WhiteElo "2829"]
[BlackElo "2608"]
[Result "1-0"]
[Round "08"]
[TimeControl "180+1"]
[Date "2022.08.02"]
[WhiteClock "0:00:52"]
[BlackClock "0:00:02"]

1. d4 Nf6 2. Nf3 g6 3. Nc3 d5 4. Bg5 Bg7 5. e3 Bg4 6. h3 Bxf3 7. Qxf3 c6 8. Bd3 Nbd7 9. O-O O-O 10. e4 dxe4 11. Nxe4 Qb6 12. Be3 Nd5 13. c4 Nxe3 14. fxe3 e5 15. c5 Qc7 16. Qf2 exd4 17. exd4 Rad8 18. Kh1 Nxc5 19. dxc5 Rxd3 20. Nd6 Rd5 21. Qc2 Bd4 22. Ne4 f5 23. Ng5 Qe7 24. Nf3 Bxc5 25. Rae1 Qf6 26. Qb3 Rf7 27. Re8+ Kg7 28. Rfe1 Rd8 29. R8e6 Re7 30. Rxf6 Rxe1+ 31. Nxe1 Kxf6 32. Nf3 Rd7 33. Qc3+ Bd4 34. Nxd4 1-0


[Site "https://www.chess.com"]

[Event "Titled Tuesday Blitz August 02 Early 2022"]
[White "Chen, Justin"]
[Black "Molina, Roberto Junio Brito"]
[WhiteFideId "2098199"]
[BlackFideId "2109450"]
[WhiteElo "2558"]
[BlackElo "2807"]
[Result "1-0"]
[Round "08"]
[TimeControl "180+1"]
[Date "2022.08.02"]
[WhiteClock "0:00:22"]
[BlackClock "0:01:15"]

1. e4 c6 2. d4 d5 3. exd5 cxd5 4. Bd3 Nc6 5. c3 Qc7 6. Ne2 e6 7. Bf4 Bd6 8. Bxd6 Qxd6 9. Nd2 Nge7 10. O-O O-O 11. Ng3 Bd7 12. Qh5 h6 13. Rae1 Rae8 14. f4 f6 15. Nf3 a6 16. Nh4 f5 17. Ng6 Nxg6 18. Qxg6 Rf6 19. Nxf5 exf5 20. Rxe8+ Bxe8 21. Qxe8+ Rf8 22. Qe3 g6 23. Re1 Kf7 24. Qh3 Qxf4 25. Rf1 Qd2 26. Bxf5 Kg7 27. Qd3 Qxb2 28. Rb1 Qxa2 29. Rxb7+ Kh8 30. Qe3 g5 31. Rh7+ 1-0


[Site "https://www.chess.com"]

[Event "Titled Tuesday Blitz August 02 Early 2022"]
[White "Demchenko, Anton"]
[Black "Goldin, Alexander"]
[WhiteFideId "4160258"]
[BlackFideId "2019540"]
[WhiteElo "2539"]
[BlackElo "2669"]
[Result "1-0"]
[Round "08"]
[TimeControl "180+1"]
[Date "2022.08.02"]
[WhiteClock "0:00:35"]
[BlackClock "0:00:05"]

1. e4 e5 2. Nf3 Nc6 3. Bc4 Be7 4. d3 Nf6 5. O-O O-O 6. Nc3 d6 7. a4 Bg4 8. h3 Bh5 9. Be3 a6 10. Kh1 Nd7 11. g4 Bg6 12. Ne2 Nb6 13. Bxb6 cxb6 14. Ng3 Qd7 15. Nf5 Nd8 16. d4 Rc8 17. Bd5 exd4 18. N3xd4 Bf6 19. c3 Ne6 20. f4 Rc5 21. Qf3 Rfc8 22. Rad1 Bxf5 23. Nxf5 g6 24. Nh6+ Kg7 25. g5 Bxg5 26. Bxe6 Qxe6 27. fxg5 Rxg5 28. Qxf7+ Qxf7 29. Nxf7 Rh5 30. Kh2 Rf8 31. Nxd6 Rf6 32. Ne8+ 1-0


[Site "https://www.chess.com"]

[Event "Titled Tuesday Blitz August 02 Early 2022"]
[White "Fedoseev, Vladimir"]
[Black "Xu, Yi"]
[WhiteFideId "24130737"]
[BlackFideId "8605564"]
[WhiteElo "3025"]
[BlackElo "2848"]
[Result "1-0"]
[Round "08"]
[TimeControl "180+1"]
[Date "2022.08.02"]
[WhiteClock "0:00:46"]
[BlackClock "0:00:10"]

1. e4 c5 2. Nf3 d6 3. d4 cxd4 4. Nxd4 Nf6 5. Nc3 a6 6. Rg1 h5 7. Bg5 Nbd7 8. Bc4 e6 9. Qe2 b5 10. Bxe6 fxe6 11. Nxe6 Qa5 12. O-O-O Ne5 13. Nxf8 Rxf8 14. Bxf6 Rxf6 15. Qxh5+ g6 16. Qh4 Qd8 17. f4 Ng4 18. h3 Rxf4 19. Qxd8+ Kxd8 20. hxg4 Rxg4 21. Rxd6+ Ke7 22. e5 Be6 23. Rh1 Rf8 24. Rh7+ Rf7 25. Rxf7+ Bxf7 26. Rxa6 b4 27. Ra7+ Ke6 28. Nb5 Rf4 29. Nd6 Bg8 30. Rg7 Kxe5 31. Rxg8 Rf1+ 32. Kd2 Rf2+ 33. Kd3 1-0


[Site "https://www.chess.com"]

[Event "Titled Tuesday Blitz August 02 Early 2022"]
[White "Gokerkan, Cem Kaan"]
[Black "Sarana, Alexey"]
[WhiteFideId "6336760"]
[BlackFideId "24133795"]
[WhiteElo "2821"]
[BlackElo "2987"]
[Result "1-0"]
[Round "08"]
[TimeControl "180+1"]
[Date "2022.08.02"]
[WhiteClock "0:00:21"]
[BlackClock "0:00:04"]

1. e4 c5 2. Nf3 d6 3. d4 cxd4 4. Nxd4 Nf6 5. Nc3 a6 6. Bg5 e6 7. f4 Nbd7 8. Qe2 Qc7 9. O-O-O b5 10. a3 Rb8 11. g4 b4 12. axb4 Rxb4 13. Bh4 Nc5 14. Bg2 Qb6 15. e5 dxe5 16. Nc6 Ncd7 17. Nxb4 Bxb4 18. fxe5 Nd5 19. Nxd5 exd5 20. Bxd5 Qh6+ 21. Kb1 Qxh4 22. Qc4 O-O 23. Qxb4 Nxe5 24. Rhe1 Qf6 25. Bb3 Bxg4 26. Rd5 Nf3 27. Re4 h5 28. h3 Be6 29. Rf4 Qg6 30. Rxf3 Bxd5 31. Bxd5 Kh8 32. Qxf8+ 1-0


[Site "https://www.chess.com"]

[Event "Titled Tuesday Blitz August 02 Early 2022"]
[White "Gurel, Ediz"]
[Black "Jakubowski, Krzysztof"]
[WhiteFideId "44507356"]
[BlackFideId "1112848"]
[WhiteElo "2825"]
[BlackElo "2595"]
[Result "0-1"]
[Round "08"]
[TimeControl "180+1"]
[Date "2022.08.02"]
[WhiteClock "0:00:12"]
[BlackClock "0:00:10"]

1. e4 c6 2. Nf3 d5 3. d3 dxe4 4. dxe4 Qxd1+ 5. Kxd1 Nf6 6. Nbd2 Nbd7 7. Ne1 h5 8. Nd3 h4 9. f3 Nh5 10. Nc4 Nb6 11. Na5 f6 12. Be3 e5 13. c3 g5 14. Kc2 Kd8 15. Rd1 Kc7 16. Nc5 Nf4 17. Rg1 Be7 18. g3 hxg3 19. hxg3 Ne6 20. Naxb7 Rh2+ 21. Rd2 Rxd2+ 22. Kxd2 Nxc5 23. Nxc5 Bxc5 24. Bxc5 Be6 25. b3 Rh8 26. Bg2 Rh2 27. g4 a5 28. Be7 Nd7 29. Ke3 c5 30. Rh1 Rxg2 31. Rh7 Kc6 32. Rh6 Rxa2 33. Bxf6 Nxf6 34. Rxf6 Kd7 35. Rg6 Bxb3 36. Rxg5 Ke6 37. Rg6+ Kf7 38. Rc6 Bc4 39. f4 exf4+ 40. Kxf4 Bb3 41. Rxc5 a4 42. g5 a3 43. Rc7+ Kg6 44. Rc6+ Kg7 45. Rc7+ Kf8 46. g6 Rg2 47. Rc8+ Ke7 48. Rc7+ Kd6 49. Ra7 a2 50. Ke3 Kc5 51. Ra5+ Kc4 52. Ra8 Kxc3 53. Rc8+ Kb2 54. Ra8 a1=Q 55. Rxa1 Kxa1 56. Kf4 Kb2 57. Kf5 Kc3 58. e5 Kd4 59. Kf6 Ke4 60. g7 Bd5 61. e6 Bxe6 62. Kxe6 Rxg7 63. Kf6 Rg4 64. Ke6 Rf4 65. Ke7 Rf5 66. Ke6 Re5+ 67. Kf6 Kd5 68. Kf7 Kd6 69. Kf6 Rd5 70. Kf7 Rf5+ 71. Kg6 Ke6 72. Kh7 Kf7 73. Kh6 Re5 74. Kh7 Rh5# 0-1


[Site "https://www.chess.com"]

[Event "Titled Tuesday Blitz August 02 Early 2022"]
[White "Hakobyan, Aram"]
[Black "Vasquez Schroeder, Rodrigo"]
[WhiteFideId "13306677"]
[BlackFideId "3400042"]
[WhiteElo "2994"]
[BlackElo "2856"]
[Result "0-1"]
[Round "08"]
[TimeControl "180+1"]
[Date "2022.08.02"]
[WhiteClock "0:00:04"]
[BlackClock "0:00:12"]

1. Nf3 c5 2. g3 b6 3. e4 Bb7 4. Nc3 g6 5. Bg2 Bg7 6. d4 cxd4 7. Nxd4 Nc6 8. Be3 d6 9. e5 Qd7 10. exd6 Nxd4 11. Bxd4 e5 12. Bxe5 Bxe5 13. Qe2 Kf8 14. Bxb7 Bxc3+ 15. bxc3 Qxb7 16. O-O-O Nf6 17. g4 Qe4 18. Qd2 Qxg4 19. Qh6+ Kg8 20. Rhe1 Qh5 21. Qf4 Kg7 22. Re7 Rhe8 23. Rc7 Qe5 24. Qc4 Qe6 25. Qd4 Red8 26. Rd3 Rd7 27. Rc6 Rad8 28. Kb2 Qf5 29. c4 Kg8 30. Qc3 Ne4 31. Qa3 Qe5+ 32. Kb1 Rxd6 33. Qxa7 Rxd3 34. cxd3 Nc5 35. Qxb6 Qe1+ 36. Kb2 Nxd3+ 37. Kb3 Qb1+ 38. Kc3 Qc1+ 39. Kb3 Qb2+ 40. Ka4 Ra8+ 0-1


[Site "https://www.chess.com"]

[Event "Titled Tuesday Blitz August 02 Early 2022"]
[White "Harsh Suresh"]
[Black "Blanco Ronquillo, Humberto L."]
[WhiteFideId "45018464"]
[BlackFideId "3504239"]
[WhiteElo "2059"]
[BlackElo "2423"]
[Result "1-0"]
[Round "08"]
[TimeControl "180+1"]
[Date "2022.08.02"]
[WhiteClock "0:02:12"]
[BlackClock "0:00:58"]

1. b3 d5 2. e3 Bf5 3. Bb2 e6 4. Nf3 h6 5. c4 Nf6 6. Nc3 Be7 7. cxd5 exd5 8. g3 O-O 9. Bg2 c5 10. d4 Nc6 11. O-O Rc8 12. dxc5 Bxc5 13. Rc1 Qd6 14. Nb5 Qe7 15. Bxf6 gxf6 16. Qxd5 Ne5 17. Nxe5 fxe5 18. Qxb7 Rcd8 19. Qxe7 Bxe7 20. Nxa7 Rd2 21. Nc6 Ba3 22. Rcd1 Rxa2 23. Ra1 Rxa1 24. Rxa1 Bb2 25. Ra2 Bc3 26. Ne7+ 1-0


[Site "https://www.chess.com"]

[Event "Titled Tuesday Blitz August 02 Early 2022"]
[White "Harsha Bharathakoti"]
[Black "Nakamura, Hikaru"]
[WhiteFideId "5078776"]
[BlackFideId "2016192"]
[WhiteElo "2876"]
[BlackElo "3204"]
[Result "0-1"]
[Round "08"]
[TimeControl "180+1"]
[Date "2022.08.02"]
[WhiteClock "0:00:02"]
[BlackClock "0:00:05"]

1. d4 f5 2. Nf3 Nf6 3. g3 g6 4. Bg2 Bg7 5. O-O O-O 6. c4 d6 7. Nc3 c6 8. Qb3 Kh8 9. Bf4 Nh5 10. Bd2 e5 11. dxe5 dxe5 12. Bg5 Qc7 13. Rae1 e4 14. Nh4 Na6 15. Rd1 Be6 16. Qc2 Rae8 17. b3 Qf7 18. Qc1 Bf6 19. Na4 Qe7 20. Bxf6+ Qxf6 21. Qh6 g5 22. Qxh5 Bf7 23. Ng6+ Bxg6 24. Qh6 b5 25. cxb5 cxb5 26. Rd7 bxa4 27. Rfd1 Nc5 28. Rxa7 axb3 29. axb3 Rf7 30. Rxf7 Qxf7 31. Qxg5 Qxb3 32. Qf6+ Kg8 33. Rd6 Qf7 34. Qd4 Ne6 35. Qd5 Nf8 36. Qd4 Qg7 37. Qd5+ Kh8 38. e3 Qe5 39. Qd2 Rb8 40. Bf1 Ne6 41. h4 Nf8 42. Bc4 Rb2 43. Qd1 Bh5 44. Qxh5 Rb1+ 45. Kg2 Qa1 46. Qf7 Rg1+ 47. Kh2 Rh1+ 48. Kg2 Qg1# 0-1


[Site "https://www.chess.com"]

[Event "Titled Tuesday Blitz August 02 Early 2022"]
[White "Harshavardhan G B"]
[Black "Begunov, Konstantin"]
[WhiteFideId "25059009"]
[BlackFideId "4118510"]
[WhiteElo "2756"]
[BlackElo "2377"]
[Result "1-0"]
[Round "08"]
[TimeControl "180+1"]
[Date "2022.08.02"]
[WhiteClock "0:01:03"]
[BlackClock "0:00:02"]

1. e4 c5 2. Nf3 d6 3. d4 cxd4 4. Nxd4 Nf6 5. Nc3 a6 6. Rg1 b5 7. g4 Bb7 8. Bg2 h6 9. h4 b4 10. Nd5 e6 11. Nxf6+ Qxf6 12. g5 hxg5 13. hxg5 Qd8 14. Be3 Be7 15. Qd2 d5 16. O-O-O dxe4 17. g6 Qa5 18. gxf7+ Kxf7 19. Nb3 Qxa2 20. Bd4 Rc8 21. Qf4+ Bf6 22. Bxe4 Qxb3 23. Rxg7+ Ke8 24. Qxf6 Bxe4 25. Qe7# 1-0


[Site "https://www.chess.com"]

[Event "Titled Tuesday Blitz August 02 Early 2022"]
[White "Hosseinzadeh, Nima"]
[Black "Shkapenko, Pavel"]
[WhiteFideId "12505323"]
[BlackFideId "4151933"]
[WhiteElo "2066"]
[BlackElo "2386"]
[Result "1-0"]
[Round "08"]
[TimeControl "180+1"]
[Date "2022.08.02"]
[WhiteClock "0:00:21"]
[BlackClock "0:00:33"]

1. e4 e5 2. f4 d5 3. exd5 exf4 4. Nf3 Nf6 5. Bb5+ c6 6. dxc6 Nxc6 7. Qe2+ Be6 8. d4 Bd6 9. c4 O-O 10. O-O Bg4 11. Bxc6 bxc6 12. Nc3 Re8 13. Qf2 Bc7 14. Ne5 Rxe5 15. dxe5 Bxe5 16. Bxf4 Bd4 17. Be3 Be5 18. h3 Be6 19. Qh4 Qb8 20. Bd4 Bxd4+ 21. Qxd4 Qxb2 22. Rab1 Qa3 23. Rxf6 gxf6 24. Ne4 Qf8 25. Nxf6+ Kh8 26. Rb3 Rd8 27. Qe5 Rd1+ 28. Kh2 Rd8 29. Rg3 Qh6 30. Ne8+ f6 31. Qxe6 Qf8 32. Qxf6+ Qxf6 33. Nxf6 1-0


[Site "https://www.chess.com"]

[Event "Titled Tuesday Blitz August 02 Early 2022"]
[White "Itgelt, Khuyagtsogt"]
[Black "Harmon-Vellotti, Luke"]
[WhiteFideId "4902912"]
[BlackFideId "2030012"]
[WhiteElo "2012"]
[BlackElo "2354"]
[Result "0-1"]
[Round "08"]
[TimeControl "180+1"]
[Date "2022.08.02"]
[WhiteClock "0:00:05"]
[BlackClock "0:00:11"]

1. d4 Nf6 2. c4 e6 3. Nc3 Bb4 4. Qc2 O-O 5. e4 d5 6. e5 Ne4 7. Bd3 c5 8. Ne2 cxd4 9. Nxd4 Nd7 10. Nf3 Bxc3+ 11. bxc3 Ndc5 12. Be2 Qa5 13. Bb2 Na4 14. Ba3 Rd8 15. Bb4 Qb6 16. O-O Bd7 17. cxd5 exd5 18. Bd3 Rac8 19. Bxe4 dxe4 20. Qxe4 Nxc3 21. Bxc3 Rxc3 22. Rab1 Qc6 23. Qd4 Rc8 24. Qxa7 Rxf3 25. gxf3 Bh3 26. Qb6 Qxf3 27. Qxb7 Qg4+ 28. Kh1 Bxf1 29. Rxf1 h5 30. Rg1 Qe6 31. f4 Rd8 32. Qg2 g6 33. Qf3 Kf8 34. Qa3+ Kg7 35. Qf3 Kh6 36. Qe3 Kh7 37. Qf3 Qf5 38. Re1 Rd3 39. Qf2 Qg4 40. Rg1 Qf5 41. Re1 Qh3 42. Qg2 Qxg2+ 43. Kxg2 Rd2+ 44. Kg3 Rxa2 45. e6 fxe6 46. Rxe6 Ra3+ 47. Kg2 Kg7 48. Rc6 Kf7 49. h3 Rd3 50. Rb6 Re3 51. Ra6 Rb3 52. Rc6 Rb4 53. Ra6 Rxf4 54. Kg3 Rf5 55. Ra7+ Kf6 56. Ra6+ Kg5 57. h4+ Kh6 58. Ra3 Rb5 59. Rc3 Rb4 60. Ra3 Rb6 61. Rc3 Kg7 62. Rc7+ Kf6 63. Rc3 Re6 64. Ra3 Kf5 65. Ra5+ Re5 66. Ra3 Rd5 67. Rb3 Rd4 68. Rb5+ Ke6 69. Ra5 Rd3+ 70. Kf4 Kf6 71. Ra6+ Kg7 72. Ra4 Rh3 73. Kg5 Rg3+ 0-1


[Site "https://www.chess.com"]

[Event "Titled Tuesday Blitz August 02 Early 2022"]
[White "Izoria, Zviad"]
[Black "Kamsky, Gata"]
[WhiteFideId "13601733"]
[BlackFideId "2000024"]
[WhiteElo "2828"]
[BlackElo "2930"]
[Result "1/2-1/2"]
[Round "08"]
[TimeControl "180+1"]
[Date "2022.08.02"]
[WhiteClock "0:02:31"]
[BlackClock "0:02:25"]

1. Nf3 Nf6 2. c4 b6 3. Nc3 Bb7 4. d4 e6 5. Bg5 Be7 6. e3 Ne4 7. Nxe4 Bxe4 8. Bf4 O-O 9. Bd3 Bxd3 10. Qxd3 d6 11. O-O Nd7 12. Rfd1 1/2-1/2


[Site "https://www.chess.com"]

[Event "Titled Tuesday Blitz August 02 Early 2022"]
[White "Kevlishvili, Robby"]
[Black "Lobanov, Sergei"]
[WhiteFideId "1040634"]
[BlackFideId "24183750"]
[WhiteElo "2926"]
[BlackElo "2809"]
[Result "0-1"]
[Round "08"]
[TimeControl "180+1"]
[Date "2022.08.02"]
[WhiteClock "0:00:14"]
[BlackClock "0:00:06"]

1. e4 e5 2. Nf3 Nc6 3. Bb5 a6 4. Ba4 Bc5 5. c3 Ba7 6. O-O Nge7 7. d4 Ng6 8. Be3 O-O 9. Nbd2 exd4 10. cxd4 d5 11. Bxc6 bxc6 12. e5 f6 13. exf6 Qxf6 14. Rc1 Bd7 15. h3 Bb6 16. Nh2 Nh4 17. Ng4 Qg6 18. g3 Rae8 19. Kh2 Nf5 20. Nf3 Nxe3 21. Nxe3 Qh5 22. Ng1 Qf7 23. Kg2 Re4 24. Nc2 c5 25. dxc5 Bxc5 26. Ne1 Bd6 27. Nd3 c6 28. Nc5 Bxc5 29. Rxc5 h5 30. Rc3 h4 31. Rf3 Qe7 32. Rxf8+ Qxf8 33. g4 Qf4 34. Nf3 d4 35. Qb3+ Be6 36. Qb6 Bd5 37. Qd8+ Kf7 38. Ng5+ Qxg5 0-1


[Site "https://www.chess.com"]

[Event "Titled Tuesday Blitz August 02 Early 2022"]
[White "Makarian, Rudik"]
[Black "Bortnyk, Olexandr"]
[WhiteFideId "44105681"]
[BlackFideId "14120828"]
[WhiteElo "2900"]
[BlackElo "3004"]
[Result "0-1"]
[Round "08"]
[TimeControl "180+1"]
[Date "2022.08.02"]
[WhiteClock "0:00:10"]
[BlackClock "0:00:15"]

1. d3 d5 2. f4 g6 3. Nf3 Bg7 4. g3 c6 5. Bg2 Qb6 6. Nc3 h5 7. e3 Nh6 8. O-O Nf5 9. Qe2 h4 10. g4 h3 11. Bh1 Nd6 12. g5 Bg4 13. Qf2 Nd7 14. a4 a5 15. Qg3 Bh5 16. Qxh3 Nf5 17. d4 O-O-O 18. Rf2 Rh7 19. Qf1 Rdh8 20. Ne2 Bg4 21. Bg2 f6 22. gxf6 Nxf6 23. Nc3 e6 24. Rb1 Qd8 25. b4 Ne4 26. Nxe4 dxe4 27. Ng5 Rxh2 28. Bxe4 Ng3 29. Qc4 Rxf2 30. Kxf2 Nxe4+ 31. Nxe4 Qh4+ 32. Kf1 Qh1+ 0-1


[Site "https://www.chess.com"]

[Event "Titled Tuesday Blitz August 02 Early 2022"]
[White "Maksimovic, Bojan"]
[Black "Aldokhin, Ivan"]
[WhiteFideId "14408120"]
[BlackFideId "24115720"]
[WhiteElo "2837"]
[BlackElo "2659"]
[Result "1-0"]
[Round "08"]
[TimeControl "180+1"]
[Date "2022.08.02"]
[WhiteClock "0:00:14"]
[BlackClock "0:00:02"]

1. d4 Nf6 2. c4 g6 3. Nc3 Bg7 4. e4 d6 5. Nf3 O-O 6. Be2 Nc6 7. d5 Nb4 8. a3 Na6 9. O-O Re8 10. Re1 e6 11. Bf1 exd5 12. cxd5 Nc5 13. Qc2 a5 14. h3 a4 15. Rb1 Bd7 16. Bg5 h6 17. Bd2 Nh5 18. Be3 b6 19. Bd4 Bxd4 20. Nxd4 Qf6 21. Qd2 Nf4 22. Rbd1 Re5 23. Re3 Rae8 24. Rf3 g5 25. g3 Nxe4 26. Nxe4 Rxe4 27. gxf4 gxf4 28. Bg2 Kh8 29. Kh2 Rg8 30. Bh1 Qe5 31. Qc3 f6 32. Ne6 Bxe6 33. dxe6 Qxe6 34. Qxc7 Re1 35. Qc1 Re2 36. Qxf4 Rg6 37. Rg1 Rxg1 38. Kxg1 Rxb2 39. Qxh6+ Kg8 40. Rg3+ Kf7 41. Rg7+ Ke8 42. Qh8+ 1-0


[Site "https://www.chess.com"]

[Event "Titled Tuesday Blitz August 02 Early 2022"]
[White "Mardov, Dimitar"]
[Black "Nguyen, Quoc Hy"]
[WhiteFideId "30919495"]
[BlackFideId "12410853"]
[WhiteElo "2858"]
[BlackElo "2668"]
[Result "1/2-1/2"]
[Round "08"]
[TimeControl "180+1"]
[Date "2022.08.02"]
[WhiteClock "0:00:12"]
[BlackClock "0:00:10"]

1. e4 c5 2. Nf3 Nc6 3. d4 cxd4 4. Nxd4 e5 5. Nb5 d6 6. N1c3 a6 7. Na3 Be7 8. Nd5 Nf6 9. Nxf6+ Bxf6 10. Nc4 Be7 11. c3 O-O 12. Ne3 Bg5 13. Be2 f5 14. exf5 Bxe3 15. Bxe3 Bxf5 16. Qb3+ Kh8 17. O-O Qe7 18. Rad1 Be6 19. Qa3 Rad8 20. Bb6 Rd7 21. c4 h6 22. Qg3 Rf5 23. f4 Qf6 24. fxe5 dxe5 25. Bd3 Rf4 26. b3 Bg4 27. Rde1 Nb4 28. Rxf4 Qxb6+ 29. Qe3 Qxe3+ 30. Rxe3 Rxd3 31. Rxd3 exf4 32. Rd8+ Kh7 33. Rb8 Nxa2 34. Rxb7 a5 35. Rb5 Bd1 36. c5 Nc3 37. Rxa5 Bxb3 38. c6 Be6 39. c7 Bc8 40. Ra8 Bf5 41. Rf8 Bd7 42. c8=Q Bxc8 43. Rxc8 Nd5 44. Rc5 Ne7 45. Kf2 Ng6 46. Kf3 Kg8 47. Rc7 Kh7 48. Kg4 Kg8 49. Kf5 Nh4+ 50. Kxf4 Nxg2+ 51. Kg4 Ne3+ 52. Kh5 Nd5 53. Ra7 Kh7 54. Kg4 Nf6+ 55. Kf5 Ng8 56. Rc7 Nf6 57. h3 Ne8 58. Ra7 Nd6+ 59. Kf4 Ne8 60. Re7 Nf6 61. Rb7 Nd5+ 62. Ke5 Nf6 63. Kf5 Nh5 64. h4 Nf6 65. Ke6 Kg6 66. Rb5 Ng4 67. h5+ Kh7 68. Kf7 Nf6 69. Rf5 Kh8 70. Kg6 Kg8 71. Re5 Kf8 72. Rc5 Ne8 73. Rc8 Ke7 74. Ra8 Kd7 75. Ra7+ Ke6 76. Ra6+ Ke7 77. Ra5 Ke6 78. Rf5 Ke7 79. Rf7+ Ke6 80. Rb7 Kd6 81. Kf7 Nf6 82. Rb6+ Ke5 83. Kxg7 Nxh5+ 84. Kxh6 Nf4 85. Kg5 Nd5 86. Rb5 Kd4 87. Rb1 Ne3 88. Kf4 Nd5+ 89. Kf5 Nc3 90. Rf1 Nd5 91. Ke6 Ne3 92. Rf4+ Kd3 93. Ke5 Nc4+ 94. Kd5 Ne3+ 95. Kc5 Nc2 96. Rf3+ Ke4 97. Rh3 Ne3 98. Kd6 Nf5+ 99. Ke6 Nd4+ 100. Kf6 Nf3 101. Rg3 Nd4 102. Rg4+ Kd3 103. Ke5 Nf3+ 104. Kd5 Ke3 105. Rc4 Nd2 106. Rc3+ Ke2 107. Kd4 Nf3+ 108. Ke4 Nd2+ 109. Kf4 Nf1 110. Rc2+ Kd3 111. Rf2 Nd2 112. Ke5 Nc4+ 113. Kd5 Ne3+ 114. Kc5 Nc2 115. Rf3+ Ke4 116. Rh3 Ne3 117. Rh4+ Kd3 118. Rd4+ Ke2 119. Re4 Kd3 120. Re8 Nc2 121. Kd5 Ne3+ 122. Ke5 Nc4+ 123. Kf4 Kd4 124. Rd8+ Kc5 125. Ke4 Nd6+ 126. Kd3 Kd5 127. Rh8 Ke5 128. Rh5+ Ke6 129. Kd4 Nf5+ 130. Kc5 Ke5 131. Kc6 Ke4 132. Rg5 Nd4+ 133. Kd6 Nf5+ 134. Ke6 1/2-1/2


[Site "https://www.chess.com"]

[Event "Titled Tuesday Blitz August 02 Early 2022"]
[White "Martinez Alcantara, Jose Eduardo"]
[Black "Zhigalko, Sergei"]
[WhiteFideId "3805662"]
[BlackFideId "13502956"]
[WhiteElo "3004"]
[BlackElo "2905"]
[Result "1-0"]
[Round "08"]
[TimeControl "180+1"]
[Date "2022.08.02"]
[WhiteClock "0:01:15"]
[BlackClock "0:00:37"]

1. e4 c5 2. Nf3 Nc6 3. c3 Nf6 4. Bd3 d6 5. h3 e5 6. Bc2 d5 7. exd5 Qxd5 8. Qe2 Bd6 9. Bb3 c4 10. Bxc4 Qa5 11. d3 O-O 12. Nbd2 Nh5 13. Ne4 Be7 14. O-O Qc7 15. Nfg5 g6 16. Qf3 Bd8 17. Nxf7 Rxf7 18. Nd6 Bf6 19. Nxf7 Kf8 20. Ng5 Kg7 21. Ne4 Bf5 22. Nxf6 Nxf6 23. g4 Bd7 24. Bh6+ Kxh6 25. Qxf6 e4 26. dxe4 Ne5 27. g5+ Kh5 28. Be2+ 1-0


[Site "https://www.chess.com"]

[Event "Titled Tuesday Blitz August 02 Early 2022"]
[White "Mathieu, Phileas"]
[Black "Madaminov, Mukhiddin"]
[WhiteFideId "36048410"]
[BlackFideId "14210703"]
[WhiteElo "2138"]
[BlackElo "2011"]
[Result "1-0"]
[Round "08"]
[TimeControl "180+1"]
[Date "2022.08.02"]
[WhiteClock "0:00:22"]
[BlackClock "0:00:01"]

1. e4 e5 2. Nf3 Nc6 3. Bb5 a6 4. Ba4 Nf6 5. d3 d6 6. c3 g6 7. h3 Bg7 8. Be3 O-O 9. Nbd2 h6 10. O-O d5 11. Bxc6 bxc6 12. Nxe5 Qe8 13. f4 dxe4 14. dxe4 Kh7 15. Qf3 a5 16. Rae1 Ba6 17. Rf2 Rd8 18. g4 a4 19. g5 hxg5 20. fxg5 Nh5 21. Ng4 Qe6 22. e5 Bd3 23. Ne4 Bxe4 24. Qxe4 Qxa2 25. Nf6+ Bxf6 26. gxf6 Qe6 27. Bd4 Rh8 28. Rg2 Rd5 29. Rg5 Kg8 30. Rd1 c5 31. Rxg6+ fxg6 32. Qxg6+ Kf8 33. Bxc5+ Rd6 34. exd6 Qe5 35. d7+ Qxc5+ 36. Rd4 Nxf6 37. d8=Q+ Ne8 38. Qdxe8# 1-0


[Site "https://www.chess.com"]